 Dungeon Crawl Stone Soup version 0.28-a0-883-gc8d7bad45d (webtiles) character file.

Game seed: 6462604836184470007

0 croobank the Sneak (level 1, 0/10 HPs)
             Began as a Felid Delver on Nov 21, 2021.
             Was an Initiate of Sif Muna.
             Slain by an adder (2 damage)
             ... on level 5 of the Dungeon.
             The game lasted 00:05:45 (235 turns).

croobank the Sneak (Felid Delver)                    Turns: 235, Time: 00:05:45

Health: 0/10       AC:  1    Str:  8    XL:     1   Next: 0%
Magic:  2/2        EV: 17    Int: 11    God:    Sif Muna [......]
Gold:   114        SH:  0    Dex: 17    Spells: 0/0 levels left
                                        Lives:  0   Deaths: 0

rFire   . . .      SeeInvis +     - Unarmed
rCold   . . .      Faith    .   (shield unavailable)
rNeg    . . .      Spirit   .   (armour unavailable)
rPois   .          Reflect  .   (helmet unavailable)
rElec   .          Harm     .   (cloak unavailable)
rCorr   .          Rampage  .   (gloves unavailable)
Will    .....                   (boots unavailable)
Stlth   +++.......              (no amulet)
HPRegen 0.03/turn               f - ring of flight
MPRegen 0.08/turn               (no ring)

@: about to teleport, flying, quick
A: very small, claws 1, fangs 3, see invisible, speed 1, shaggy fur 1, stealthy
paws, no weapons or thrown items, no armour, multi-lived
a: Renounce Religion


You were on level 5 of the Dungeon.
You worshipped Sif Muna.
Sif Muna was noncommittal.
You visited 1 branch of the dungeon, and saw 2 of its levels.

You collected 114 gold pieces.

Inventory:

Jewellery
 f - a ring of flight (left paw)
Scrolls
 a - a scroll of fog
 g - a scroll of identify {unknown}


   Skills:
 + Level 3.0 Fighting
 + Level 2.6 Dodging
 + Level 6.6 Stealth
 + Level 2.0 Unarmed Combat


You couldn't memorise any spells.
You didn't know any spells.
Your spell library was empty.

Dungeon Overview and Level Annotations

Branches:
Dungeon (5/15)
 Temple: D:4-7

Altars:
Sif Muna

Annotations:
D:5 Ijyb


Innate Abilities, Weirdness & Mutations

You have sharp claws.
You have razor-sharp teeth.
You have supernaturally acute eyesight. (SInv)
You cover ground quickly. (Speed+)
You are covered in fur. (AC +1)
Your paws help you pounce on unaware monsters.
You are incapable of wielding weapons or throwing items.
You cannot wear armour.
You gain extra lives every three experience levels.


Message History

Pain shoots through your body!
As you read the scroll of fear, it crumbles to dust.
You assume a fearsome visage.
The orc priest looks frightened!
You reach down and open the door.
There is an open door here.
You reach down and close the door.
You reach down and open the door.
There is an open door here.
The orc shouts!
You reach down and open the door.
There is an open door here.
There is an open door here.
There is an open door here.
Aiming: Dig
Press: ? - help, Shift-Dir - straight line A rock wall.
The rock shatters into small pieces.
The now-empty wand crumbles to dust.
There is a stone staircase leading down here.
You fly downwards.
Level annotation: Ijyb The bullfrog zombie completely misses you.
The bullfrog zombie misses you.
There is a stone staircase leading up here.
The bullfrog zombie hits you.
Ouch! That really hurt!
* * * LOW HITPOINT WARNING * * *
The bullfrog zombie misses you. The bullfrog zombie misses you.
An adder comes into view.
The adder hisses angrily.
An ice beast comes into view.
Found a stone staircase leading up.
The adder barely misses you.
As you read the scroll labelled WESMUZX SAANOPYO, it crumbles to dust.
You feel strangely unstable.
It was a scroll of teleportation.
The adder misses you. The bullfrog zombie misses you. The adder bites you.
* * * LOW HITPOINT WARNING * * *
The bullfrog zombie completely misses you.
You scratch the ice beast but do no damage.
The adder bites you.
You die...

##**##...#........#
###.* #.........##..#
#...###..............
##....#...............
#......#...#*,...#.###
#..........###,#.#....
*#...........###...#.#
**#..ZZ.........#....
#.@S#.##......#....
#.Y.###.......#.###
#...#,#.......#.#**
#................,,
#....##..........**
#...####.........#*
##...,*#.........#*
#...,,*,,,,,,,,***
**,,,,,*,,,,**,,,**


You could see an ice beast, an adder and 2 bullfrog zombies.

Vanquished Creatures (others)
  2 withered plants (D:4)
2 creatures vanquished.

Notes
Turn   | Place    | Note
-------+----------+-------------------------------------------
     0 | D:5      | croobank the Felid Delver began the quest for the Orb.
     0 | D:5      | Reached XP level 1. HP: 10/10 MP: 2/2
    31 | D:5      | Noticed a centaur
    34 | D:5      | Noticed Ijyb
    89 | D:4      | Found a shimmering blue altar of Sif Muna.
   126 | D:4      | Became a worshipper of Sif Muna the Loreminder
   139 | D:4      | Noticed an orc priest
   230 | D:5      | Noticed an ice beast
   235 | D:5      | Slain by an adder

Illustrated notes

Levels and vault maps discovered:
D:4:      minmay_octagon_keep, layout_gridville, kennysheep_mini_moat,
          amcnicky_altar_gilded, serial_undead, serial_undead_d,
          serial_undead_b, serial_undead_e, serial_undead_d,
          gammafunk_ghost_grave
D:5:      layout_cave_pools, nicolae_overflow_crystal_walls,
          fedhas_altar_decomposition, uniq_edmund, uniq_ijyb

Action                   || total
-------------------------++-------
Melee: Unarmed           ||     1
Evoke: Wand              ||     3
  Use: Scroll            ||     3
       Potion            ||     1
Dodge: Dodged            ||     9

Table legend: (Time is in decaauts)
 A = Elapsed time spent in this place.
 B = Non-inter-level travel time spent in this place.
 C = Inter-level travel time spent in this place.
 D = Time resting spent in this place.
 E = Time spent auto-exploring this place.
 F = Levels seen in this place.
 G = Mean time per level.
                   A        B        C        D        E       F      G
               +--------+--------+--------+--------+--------+-----+--------+
         Total |    175 |    175 |      0 |      0 |     33 |   2 |   87.5 |
       Dungeon |    175 |    175 |      0 |      0 |     33 |   2 |   87.5 |
               +--------+--------+--------+--------+--------+-----+--------+

Top non-repeatable levels by time:
     D:4: 97 daAuts
     D:5: 77 daAuts
